[Event "FIDE Open World Rapid 2024"]
[Site "New York"]
[Date "2024.12.27"]
[Round "7.16"]
[White "Kobalia, Mikhail"]
[Black "Sardana, Rishi"]
[Result "1/2-1/2"]
[ECO "B90"]
[WhiteElo "2543"]
[BlackElo "2466"]
[Annotator "ChessBase"]
[PlyCount "96"]
[EventDate "2024.12.14"]
[EventType "swiss"]
[EventCountry "USA"]
[SourceTitle "playchess.com"]
[Source "ChessBase"]
[SourceQuality "1"]
[TimeControl "900+10"]

1. e4 c5 2. Nf3 d6 3. d4 cxd4 4. Nxd4 Nf6 5. Nc3 a6 6. Be3 e5 7. Nb3 Be6 8. Qd2 Nbd7 9. O-O-O b5 10. f3 h5 11. Kb1 Be7 12. h4 O-O 13. Bg5 Qc7 14. a3 Rfd8 15. g4 Nb6 16. Bxf6 Bxf6 17. g5 Be7 18. Nd5 Bxd5 19. exd5 g6 20. Bd3 Bf8 21. Rhe1 Bg7 22. Bf1 Nc4 23. Bxc4 bxc4 24. Na5 e4 25. Nc6 c3 26. Qf4 cxb2 27. Rxe4 Re8 28. Rde1 Rxe4 29. fxe4 Rf8 30. e5 dxe5 31. Qe4 Rc8 32. Rd1 Qd6 33. Rd3 Rc7 34. Kxb2 Rd7 35. Ka2 Qc5 36. Rb3 Kh7 37. c4 Rd6 38. Rb7 Qf2+ 39. Rb2 Qc5 40. Rb7 Qf2+ 41. Rb2 Qc5 42. Rg2 Rd7 43. Re2 Rb7 44. Rb2 Rc7 45. Rb3 Qf2+ 46. Rb2 Qc5 47. Rb3 Qf2+ 48. Rb2 Qc5 1/2-1/2

[Event "FIDE Open World Rapid 2024"]
[Site "New York"]
[Date "2024.12.27"]
[Round "7.17"]
[White "Lazavik, Denis"]
[Black "Praggnanandhaa R"]
[Result "1-0"]
[ECO "A47"]
[WhiteElo "2578"]
[BlackElo "2737"]
[Annotator "TA"]
[PlyCount "119"]
[EventDate "2024.12.14"]
[EventType "swiss"]
[EventCountry "USA"]
[SourceTitle "playchess.com"]
[Source "ChessBase"]
[SourceQuality "1"]
[TimeControl "900+10"]

1. d4 e6 2. Bf4 Nf6 3. e3 b6 4. Nf3 Bb7 5. Bd3 Nh5 6. Bg5 Be7 7. Bxe7 Qxe7 8. Nbd2 f5 9. c3 O-O 10. O-O c5 11. Re1 Nc6 12. a3 g5 13. h3 Kh8 14. Nh2 Nf6 15. b4 cxd4 16. exd4 Qg7 17. Nc4 Rad8 18. Nd6 Ba8 19. Bf1 Ne7 20. c4 Nc8 21. Nxc8 Rxc8 22. Qd3 g4 23. hxg4 fxg4 24. Re5 Rf7 25. Rae1 Rcf8 26. d5 exd5 27. cxd5 Qg6 (27... Nxd5 $11 28. Rxd5 Bxd5 29. Qxd5 Rxf2) 28. Qxg6 (28. Qd2 {keeps more tension.} g3 29. fxg3 Qxg3 30. Rg5) 28... hxg6 29. d6 Bd5 30. Bd3 Be6 31. Bxg6 {[%emt 0:00:05] White has more active pieces.} Rg7 32. Bf5 $1 Bxf5 33. Rxf5 g3 34. fxg3 Rxg3 35. Nf3 Nh7 36. Rxf8+ Nxf8 $16 {[%emt 0:00:01][%mdl 4096] Endgame KRN-KRN. White is a pawn up.} 37. Re7 Kg8 38. Ne5 Rxa3 39. Ng4 Rd3 (39... a5 $1 $14) 40. Nf6+ $18 Kh8 {[%emt 0:00:01] [#]} 41. b5 $1 {[%emt 0:00:20] and Rf7 would now be decisive} Rxd6 42. Rf7 Rd1+ 43. Kf2 ({Resist} 43. Kh2 Rd4 44. g4 (44. Rxf8+ Kg7 $18) 44... d6) 43... d5 $2 (43... Rb1 {keeps fighting.} 44. Rxf8+ Kg7 45. Nxd7 Rxb5) 44. Rxf8+ {[%emt 0:00:06] KRN-KR} Kg7 {[%emt 0:00:01] [#]} 45. Nd7 $1 Rb1 46. Ra8 Rxb5 47. Rxa7 Kg6 48. Rb7 Rb2+ 49. Kf3 b5 50. Nc5 Rb1 51. Rd7 Rd1 52. Rb7 Rb1 $1 53. Ne6 Kf5 (53... Kf6 $142 54. Nd4 Rd1) 54. Nd4+ Ke5 55. Rxb5 Rd1 56. Nc2 Rf1+ 57. Kg3 Rc1 58. Ne3 Rc3 59. Kf3 Ke6 60. Rxd5 1-0

[Event "FIDE Open World Rapid 2024"]
[Site "New York"]
[Date "2024.12.27"]
[Round "7.17"]
[White "Harsha Bharathakoti"]
[Black "Damjanovic, Vuk"]
[Result "1-0"]
[ECO "A41"]
[WhiteElo "2531"]
[BlackElo "2368"]
[Annotator "ChessBase"]
[PlyCount "119"]
[EventDate "2024.12.14"]
[EventType "swiss"]
[EventCountry "USA"]
[SourceTitle "playchess.com"]
[Source "ChessBase"]
[SourceQuality "1"]
[TimeControl "900+10"]

1. d4 d6 2. c4 e5 3. Nf3 e4 4. Ng5 f5 5. g3 Be7 6. h4 Nf6 7. Nc3 O-O 8. e3 Na6 9. b3 c6 10. Be2 Nc7 11. d5 Nd7 12. Bb2 c5 13. Nh3 Ne5 14. Nf4 a6 15. a4 Bd7 16. a5 Qe8 17. Qc2 Bf6 18. h5 Qe7 19. Nb1 Nf7 20. Nd2 Bxb2 21. Qxb2 Qe5 22. Qxe5 Nxe5 23. b4 cxb4 24. Rb1 Rab8 25. Rxb4 b5 26. axb6 a5 27. Rb2 Na6 28. O-O Nc5 29. Ra1 a4 30. Bd1 Rb7 31. Ne6 Nxe6 32. dxe6 Bxe6 33. Rxa4 Rfb8 34. Ra6 Nd7 35. Ba4 Nc5 36. Ra5 Rxb6 37. Rxb6 Rxb6 38. Ra8+ Kf7 39. Bb5 Bd7 40. Ra7 Ke8 41. g4 fxg4 42. Bxd7+ Nxd7 43. Nxe4 Rc6 44. Kg2 Ke7 45. Nc3 Ke6 46. Nd5 Rxc4 47. Rxd7 Kxd5 48. Rxg7 h6 49. Rg6 Ke5 50. Rxh6 Rc8 51. Rg6 Rh8 52. h6 d5 53. Kg3 Kf5 54. Rd6 Ke5 55. Ra6 Kf5 56. Kh4 Rc8 57. Ra4 Kg6 58. Ra6+ Kf5 59. h7 Rc1 60. Rf6+ 1-0

[Event "FIDE Open World Rapid 2024"]
[Site "New York"]
[Date "2024.12.27"]
[Round "7.18"]
[White "Durarbayli, Vasif"]
[Black "Dubov, Daniil"]
[Result "1/2-1/2"]
[ECO "C45"]
[WhiteElo "2622"]
[BlackElo "2693"]
[Annotator "ChessBase"]
[PlyCount "39"]
[EventDate "2024.12.14"]
[EventType "swiss"]
[EventCountry "USA"]
[SourceTitle "playchess.com"]
[Source "ChessBase"]
[SourceQuality "1"]
[TimeControl "900+10"]

1. e4 e5 2. Nf3 Nc6 3. d4 exd4 4. Nxd4 Nf6 5. Nxc6 bxc6 6. e5 Qe7 7. Qe2 Nd5 8. h4 Rb8 9. b3 Qb4+ 10. Bd2 Qb6 11. Rh3 Bc5 12. c4 Nb4 13. Bc3 Bd4 14. a3 Qa5 15. Rg3 O-O 16. Kd1 Bxc3 17. Nxc3 Na6 18. Kc2 d5 19. Qf3 d4 20. Rxg7+ 1/2-1/2

[Event "FIDE Open World Rapid 2024"]
[Site "New York"]
[Date "2024.12.27"]
[Round "7.18"]
[White "Kadric, Denis"]
[Black "Macovei, Andrei"]
[Result "1-0"]
[ECO "C55"]
[WhiteElo "2544"]
[BlackElo "2477"]
[Annotator "ChessBase"]
[PlyCount "99"]
[EventDate "2024.12.14"]
[EventType "swiss"]
[EventCountry "USA"]
[SourceTitle "playchess.com"]
[Source "ChessBase"]
[SourceQuality "1"]
[TimeControl "900+10"]

1. e4 e5 2. Nf3 Nc6 3. Bc4 Nf6 4. d3 h6 5. a4 d6 6. a5 a6 7. Nc3 g6 8. h3 Bg7 9. Be3 O-O 10. g4 Nh7 11. Qd2 Nd4 12. Bxd4 exd4 13. Ne2 Be6 14. Bxe6 fxe6 15. Nfxd4 Bxd4 16. Nxd4 Qf6 17. Qe3 e5 18. Nb3 Ng5 19. Nd2 Ne6 20. O-O-O Kg7 21. Rdf1 Nd4 22. c3 Ne6 23. h4 Qf4 24. Qxf4 Rxf4 25. f3 Raf8 26. Kc2 R4f7 27. Rf2 Nf4 28. Nc4 Ne6 29. Rhf1 Nf4 30. Nd2 Nh3 31. Rh2 Nf4 32. Rg1 Kh7 33. Rg3 Kg7 34. Nc4 Kh7 35. Ne3 Ne6 36. Rf2 Nf4 37. b4 Kg7 38. h5 gxh5 39. gxh5+ Kh7 40. Nf5 Nxh5 41. Rh3 Rxf5 42. exf5 Rxf5 43. Rfh2 Kg6 44. Kd2 Rg5 45. Ke3 Rf5 46. Rh4 Rg5 47. c4 Rf5 48. b5 axb5 49. cxb5 e4 50. Rxh5 1-0

[Event "FIDE Open World Rapid 2024"]
[Site "New York"]
[Date "2024.12.27"]
[Round "7.19"]
[White "Chirila, Ioan-Cristian"]
[Black "Degenbaev, Aziz"]
[Result "1-0"]
[ECO "A71"]
[WhiteElo "2530"]
[BlackElo "2260"]
[Annotator "ChessBase"]
[PlyCount "47"]
[EventDate "2024.12.14"]
[EventType "swiss"]
[EventCountry "USA"]
[SourceTitle "playchess.com"]
[Source "ChessBase"]
[SourceQuality "1"]
[TimeControl "900+10"]

1. d4 Nf6 2. c4 g6 3. Nc3 Bg7 4. e4 d6 5. Be2 O-O 6. Bg5 c5 7. d5 e6 8. Nf3 exd5 9. cxd5 Re8 10. Nd2 a6 11. a4 Nbd7 12. O-O Qc7 13. Qc2 Ne5 14. h3 c4 15. f4 Nd3 16. Nxc4 Nb4 17. Qb1 Nfxd5 18. exd5 Bf5 19. Qd1 Nc2 20. Rc1 Bxc3 21. bxc3 b5 22. Bd3 Qc5+ 23. Kh2 bxc4 24. Bxc2 1-0

[Event "FIDE Open World Rapid 2024"]
[Site "New York"]
[Date "2024.12.27"]
[Round "7.19"]
[White "Nogerbek, Kazybek"]
[Black "Robson, Ray"]
[Result "1/2-1/2"]
[ECO "D38"]
[WhiteElo "2527"]
[BlackElo "2700"]
[Annotator "ChessBase"]
[PlyCount "92"]
[EventDate "2024.12.14"]
[EventType "swiss"]
[EventCountry "USA"]
[SourceTitle "playchess.com"]
[Source "ChessBase"]
[SourceQuality "1"]
[TimeControl "900+10"]

1. d4 Nf6 2. c4 e6 3. Nf3 d5 4. Nc3 Bb4 5. Bg5 h6 6. Bxf6 Qxf6 7. e3 O-O 8. Rc1 dxc4 9. Bxc4 c5 10. O-O cxd4 11. Nxd4 Bd7 12. Qb3 Nc6 13. Nxc6 Bxc3 14. Rxc3 Bxc6 15. Bb5 Bd5 16. Bc4 Bxc4 17. Rxc4 b6 18. Qc3 Qxc3 19. Rxc3 Rac8 20. Rfc1 Rxc3 21. Rxc3 Rd8 22. g4 Rd2 23. Rc8+ Kh7 24. Rc7 a5 25. Rxf7 Rxb2 26. Rb7 Kg6 27. Kg2 b5 28. a4 Rb4 29. axb5 Rxg4+ 30. Kf3 Rb4 31. b6 Kf6 32. Rb8 a4 33. b7 Kf7 34. Ra8 Rxb7 35. Rxa4 Rb1 36. h4 Kf6 37. Kg4 Rb5 38. h5 Rg5+ 39. Kh4 Rg1 40. Ra5 e5 41. e4 Rh1+ 42. Kg4 Rg1+ 43. Kh3 Rh1+ 44. Kg4 Rg1+ 45. Kh4 Rh1+ 46. Kg4 Rg1+ 1/2-1/2

[Event "FIDE Open World Rapid 2024"]
[Site "New York"]
[Date "2024.12.27"]
[Round "7.20"]
[White "Bjerre, Jonas Buhl"]
[Black "Esipenko, Andrey"]
[Result "0-1"]
[ECO "C77"]
[WhiteElo "2642"]
[BlackElo "2682"]
[Annotator "ChessBase"]
[PlyCount "70"]
[EventDate "2024.12.14"]
[EventType "swiss"]
[EventCountry "USA"]
[SourceTitle "playchess.com"]
[Source "ChessBase"]
[SourceQuality "1"]
[TimeControl "900+10"]

1. e4 e5 2. Nf3 Nc6 3. Bb5 a6 4. Ba4 Nf6 5. d3 b5 6. Bb3 Bc5 7. Bg5 h6 8. Bh4 d6 9. c3 Bb6 10. a4 Rb8 11. axb5 axb5 12. Na3 Ne7 13. Nxb5 Ng6 14. Bg3 Bg4 15. Na3 O-O 16. Nc4 Bxf3 17. Qxf3 Bxf2+ 18. Bxf2 Rxb3 19. O-O Qd7 20. Ra7 Rfb8 21. h3 d5 22. exd5 Nxd5 23. d4 exd4 24. Bxd4 f6 25. Rd1 Qe6 26. Ne3 Ndf4 27. Rxc7 Rxb2 28. Kh1 Rb1 29. Rxb1 Rxb1+ 30. Kh2 Rb2 31. Rb7 Rd2 32. Ra7 Nxg2 33. Nxg2 Nh4 34. Qe3 Rxg2+ 35. Kh1 Qc6 0-1

[Event "FIDE Open World Rapid 2024"]
[Site "New York"]
[Date "2024.12.27"]
[Round "7.20"]
[White "Manafov, Vugar"]
[Black "Amar, Elham"]
[Result "1-0"]
[ECO "A07"]
[WhiteElo "2431"]
[BlackElo "2534"]
[Annotator "ChessBase"]
[PlyCount "73"]
[EventDate "2024.12.14"]
[EventType "swiss"]
[EventCountry "USA"]
[SourceTitle "playchess.com"]
[Source "ChessBase"]
[SourceQuality "1"]
[TimeControl "900+10"]

1. Nf3 d5 2. g3 g6 3. Bg2 Bg7 4. O-O e5 5. d3 Nc6 6. e4 Nf6 7. Nc3 d4 8. Ne2 O-O 9. Nd2 a5 10. h3 Nd7 11. f4 exf4 12. gxf4 Nc5 13. f5 Ne5 14. Nf3 Nxf3+ 15. Rxf3 Nd7 16. Bf4 Ne5 17. Rf2 Re8 18. Qd2 Ra6 19. Raf1 a4 20. Kh1 c5 21. Ng1 c4 22. Nf3 Nxf3 23. Rxf3 c3 24. bxc3 dxc3 25. Qc1 Bd4 26. Bh6 gxf5 27. exf5 Kh8 28. Rg3 Rg8 29. Rxg8+ Kxg8 30. Be3 Bg7 31. Qe1 Ra5 32. Be4 Qf6 33. Qg3 Bxf5 34. Qb8+ Bf8 35. Bxf5 Qe7 36. Rg1+ Kh8 37. Qg3 1-0

[Event "FIDE Open World Rapid 2024"]
[Site "New York"]
[Date "2024.12.27"]
[Round "7.21"]
[White "Jumabayev, Rinat"]
[Black "Lu, Shanglei"]
[Result "1/2-1/2"]
[ECO "E04"]
[WhiteElo "2573"]
[BlackElo "2609"]
[Annotator "ChessBase"]
[PlyCount "58"]
[EventDate "2024.12.14"]
[EventType "swiss"]
[EventCountry "USA"]
[SourceTitle "playchess.com"]
[Source "ChessBase"]
[SourceQuality "1"]
[TimeControl "900+10"]

1. Nf3 Nf6 2. g3 d5 3. Bg2 c5 4. O-O Nc6 5. d4 e6 6. c4 dxc4 7. dxc5 Qxd1 8. Rxd1 Bxc5 9. Nbd2 c3 10. bxc3 O-O 11. Nb3 Be7 12. Nfd4 Nxd4 13. cxd4 Nd5 14. Bd2 f5 15. Na5 b6 16. Nc6 Bf6 17. e3 Bb7 18. Nb4 Rab8 19. Rdc1 Rfc8 20. a4 Be7 21. Nxd5 Bxd5 22. Bf1 Bd6 23. Ba6 Rxc1+ 24. Rxc1 Kf7 25. Kf1 g5 26. e4 Bxe4 27. Bxg5 Bb7 28. Bxb7 Rxb7 29. Rc6 Rd7 1/2-1/2

[Event "FIDE Open World Rapid 2024"]
[Site "New York"]
[Date "2024.12.27"]
[Round "7.21"]
[White "Brodsky, David"]
[Black "Adewumi, Tanitoluwa"]
[Result "1-0"]
[ECO "E12"]
[WhiteElo "2538"]
[BlackElo "2349"]
[Annotator "ChessBase"]
[PlyCount "74"]
[EventDate "2024.12.14"]
[EventType "swiss"]
[EventCountry "USA"]
[SourceTitle "playchess.com"]
[Source "ChessBase"]
[SourceQuality "1"]
[TimeControl "900+10"]

1. d4 Nf6 2. c4 e6 3. Nf3 b6 4. a3 Bb7 5. Nc3 d5 6. cxd5 Nxd5 7. Qc2 Be7 8. e4 Nxc3 9. bxc3 O-O 10. Bd3 c5 11. O-O Nd7 12. Bf4 Rc8 13. Qe2 cxd4 14. cxd4 Rc3 15. Rfc1 Rxd3 16. Qxd3 Nc5 17. Qc3 Nxe4 18. Qc7 Bd5 19. Qxa7 b5 20. Rc7 Bh4 21. Bg3 Bf6 22. Ne5 h5 23. Rxf7 Bxe5 24. Rxf8+ Qxf8 25. dxe5 Qf5 26. Qe3 Qg6 27. Qf4 Nc3 28. Qe3 Ne4 29. h4 Qg4 30. Qf4 Qg6 31. Rc1 Kh7 32. Kh2 Qe8 33. f3 Nxg3 34. Qxg3 Qf8 35. Rc7 Kg8 36. Qg5 Ba8 37. Rd7 Kh7 1-0

[Event "FIDE Open World Rapid 2024"]
[Site "New York"]
[Date "2024.12.27"]
[Round "7.22"]
[White "Deac, Bogdan-Daniel"]
[Black "Theodorou, Nikolas"]
[Result "1-0"]
[ECO "B32"]
[WhiteElo "2696"]
[BlackElo "2600"]
[Annotator "ChessBase"]
[PlyCount "175"]
[EventDate "2024.12.14"]
[EventType "swiss"]
[EventCountry "USA"]
[SourceTitle "playchess.com"]
[Source "ChessBase"]
[SourceQuality "1"]
[TimeControl "900+10"]

1. e4 c5 2. Nf3 Nc6 3. d4 cxd4 4. Nxd4 e5 5. Nb5 d6 6. N1c3 a6 7. Na3 Be6 8. Nc4 b5 9. Ne3 Nf6 10. Bd3 g6 11. a4 b4 12. Ncd5 Bg7 13. Bd2 a5 14. Bb5 Rc8 15. Nxf6+ Bxf6 16. c3 bxc3 17. bxc3 O-O 18. O-O Bg5 19. Qe2 Ne7 20. Rad1 Qc7 21. c4 Nc6 22. Bc3 Bxe3 23. Qxe3 Nb4 24. Bb2 Qb8 25. Rc1 Na2 26. Rc2 Nb4 27. Rcc1 Na2 28. Ra1 Nb4 29. Rfc1 Rc5 30. Ba3 Rfc8 31. Qb3 Qb7 32. f3 Qc7 33. Bxb4 axb4 34. Qxb4 Qb6 35. Kh1 Bxc4 36. Rd1 Be2 37. Rdb1 Bd3 38. Rd1 Bc2 39. Rd5 Bxa4 40. Qxa4 Rxd5 41. exd5 Qf2 42. Bf1 Rc2 43. h3 Kg7 44. Qb4 Rc5 45. Rd1 h5 46. Qd2 Qh4 47. Kh2 Qa4 48. Rc1 Rxd5 49. Qxd5 Qf4+ 50. g3 Qxc1 51. Kg2 Qb2+ 52. Kg1 Qb6+ 53. Kh2 g5 54. Qd2 f6 55. Bc4 Qc5 56. Bd5 h4 57. gxh4 gxh4 58. Qg2+ Kf8 59. Qg8+ Ke7 60. Qf7+ Kd8 61. Qxf6+ Kc7 62. Qg7+ Kb6 63. Be4 d5 64. Bf5 Qe3 65. Qg1 Qxg1+ 66. Kxg1 Kc5 67. Kf2 Kd6 68. Bh7 Ke7 69. Ke3 Kd6 70. Kd2 Ke7 71. Bg8 Kd6 72. Kc3 Kc5 73. Bf7 Kd6 74. Bg8 Kc5 75. Bh7 Kd6 76. Kb4 Kc6 77. Bc2 Kd6 78. Be4 Kc6 79. Bg6 Kd6 80. Bf7 Kc6 81. Bh5 Kd6 82. Kb5 Ke6 83. Bg4+ Kd6 84. Bf5 e4 85. f4 e3 86. Bg4 Ke7 87. Kc5 Kf6 88. Kd4 1-0

[Event "FIDE Open World Rapid 2024"]
[Site "New York"]
[Date "2024.12.27"]
[Round "7.22"]
[White "Schnaider, Ilan"]
[Black "Benjamin, Joel"]
[Result "1/2-1/2"]
[ECO "D00"]
[WhiteElo "2392"]
[BlackElo "2473"]
[Annotator "ChessBase"]
[PlyCount "112"]
[EventDate "2024.12.14"]
[EventType "swiss"]
[EventCountry "USA"]
[SourceTitle "playchess.com"]
[Source "ChessBase"]
[SourceQuality "1"]
[TimeControl "900+10"]

1. d4 Nf6 2. Nc3 d5 3. Bf4 a6 4. e3 e6 5. g4 Bd6 6. Qf3 Bxf4 7. Qxf4 Qd6 8. Qxd6 cxd6 9. f3 Nc6 10. O-O-O h6 11. Nh3 b5 12. Nf2 Bb7 13. Bg2 Rc8 14. h4 Na5 15. Rhe1 Nc4 16. e4 b4 17. Nb1 Ke7 18. Nd2 a5 19. Nxc4 Rxc4 20. Bf1 Rc7 21. Bd3 dxe4 22. fxe4 e5 23. dxe5 dxe5 24. g5 Nh5 25. Ng4 Rc5 26. gxh6 g6 27. b3 Nf4 28. Bc4 Bc8 29. Nf2 Rxh6 30. Rh1 f6 31. Kb2 Bb7 32. a3 bxa3+ 33. Kxa3 Rc8 34. Kb2 a4 35. Ra1 axb3 36. cxb3 Ra8 37. Rxa8 Bxa8 38. Ra1 Bc6 39. Ra7+ Kd6 40. Ng4 Rxh4 41. Nxf6 Kc5 42. Rc7 Kd6 43. Rg7 Rh2+ 44. Kc3 Rf2 45. b4 Rf3+ 46. Kd2 Nh5 47. Nxh5 gxh5 48. Rg6+ Kc7 49. Rg7+ Kb6 50. Rg6 Kc7 51. Rg7+ Kb8 52. Rg5 h4 53. Rxe5 h3 54. Bd5 Bxd5 55. Rxd5 Rf4 56. Rh5 Rxe4 1/2-1/2

[Event "FIDE Open World Rapid 2024"]
[Site "New York"]
[Date "2024.12.27"]
[Round "7.23"]
[White "Sadhwani, Raunak"]
[Black "Ghosh, Diptayan"]
[Result "1-0"]
[ECO "C54"]
[WhiteElo "2673"]
[BlackElo "2569"]
[Annotator "ChessBase"]
[PlyCount "47"]
[EventDate "2024.12.14"]
[EventType "swiss"]
[EventCountry "USA"]
[SourceTitle "playchess.com"]
[Source "ChessBase"]
[SourceQuality "1"]
[TimeControl "900+10"]

1. e4 e5 2. Nf3 Nc6 3. Bc4 Nf6 4. d3 Bc5 5. O-O d6 6. c3 a5 7. Re1 O-O 8. h3 Be6 9. b3 Re8 10. Nbd2 d5 11. exd5 Bxd5 12. Bb5 Qd6 13. a4 e4 14. dxe4 Bxe4 15. Bb2 Qf4 16. Nxe4 Nxe4 17. Re2 Re6 18. Qc1 Qd6 19. Qc2 Rae8 20. Bc4 Ne5 21. Bxe6 Nxf3+ 22. gxf3 Rxe6 23. Rxe4 Rxe4 24. fxe4 1-0

[Event "FIDE Open World Rapid 2024"]
[Site "New York"]
[Date "2024.12.27"]
[Round "7.23"]
[White "Banh Gia Huy"]
[Black "Christiansen, Johan-Sebastian"]
[Result "1-0"]
[ECO "D02"]
[WhiteElo "2422"]
[BlackElo "2661"]
[Annotator "ChessBase"]
[PlyCount "95"]
[EventDate "2024.12.14"]
[EventType "swiss"]
[EventCountry "USA"]
[SourceTitle "playchess.com"]
[Source "ChessBase"]
[SourceQuality "1"]
[TimeControl "900+10"]

1. d4 d5 2. Nf3 Nf6 3. Bf4 Nh5 4. Bd2 Nf6 5. Bf4 c5 6. e3 Nc6 7. Nbd2 e6 8. c3 Nh5 9. Bg5 f6 10. Bh4 cxd4 11. cxd4 g6 12. Be2 Be7 13. Rc1 Ng7 14. Bg3 Nf5 15. Nb3 Bb4+ 16. Nbd2 Kf7 17. a3 Nxg3 18. hxg3 Be7 19. Nb3 Qb6 20. O-O h5 21. Qc2 f5 22. Nc5 Bf6 23. b4 Kg7 24. Nd3 Bd7 25. b5 Ne7 26. Nde5 Be8 27. a4 g5 28. Qc7 g4 29. Nd2 Rc8 30. Qxb6 axb6 31. Nb3 Ra8 32. a5 bxa5 33. Nc5 Bxe5 34. dxe5 Bf7 35. Nxb7 Ng6 36. Nc5 Rhb8 37. Rb1 a4 38. b6 Ra5 39. Nd7 Rb7 40. Bb5 Ne7 41. Bxa4 Be8 42. Rfc1 Rxa4 43. Nc5 Rb8 44. Nxa4 Bxa4 45. Rc7 Kf7 46. Ra1 Bb5 47. Raa7 Re8 48. Rxe7+ 1-0

[Event "FIDE Open World Rapid 2024"]
[Site "New York"]
[Date "2024.12.27"]
[Round "7.24"]
[White "Isanzhulov, Arystan"]
[Black "Donchenko, Alexander"]
[Result "1-0"]
[ECO "B17"]
[WhiteElo "2395"]
[BlackElo "2618"]
[Annotator "ChessBase"]
[PlyCount "89"]
[EventDate "2024.12.14"]
[EventType "swiss"]
[EventCountry "USA"]
[SourceTitle "playchess.com"]
[Source "ChessBase"]
[SourceQuality "1"]
[TimeControl "900+10"]

1. e4 c6 2. Nf3 d5 3. Nc3 dxe4 4. Nxe4 Nf6 5. Qe2 Nxe4 6. Qxe4 Nd7 7. Bc4 Nf6 8. Qe2 Bf5 9. O-O e6 10. d4 Be7 11. Bf4 O-O 12. c3 a5 13. a4 Nd5 14. Bg3 h6 15. Ne5 Nb6 16. Bb3 Nd7 17. Rfe1 Nxe5 18. Bxe5 Bd6 19. Bc4 Qc7 20. Qf3 Rad8 21. Bxd6 Rxd6 22. Re5 Qb6 23. b3 Rc8 24. Rae1 Qd8 25. g4 Bg6 26. Qg3 c5 27. f4 Qf6 28. h4 cxd4 29. f5 exf5 30. h5 f4 31. Qf2 Bb1 32. cxd4 Rxc4 33. bxc4 Bd3 34. Rd1 Bxc4 35. Re8+ Kh7 36. Qc2+ g6 37. Qxc4 Kg7 38. Qc5 Qh4 39. Qxd6 Qxg4+ 40. Kf2 Qg3+ 41. Kf1 Qf3+ 42. Ke1 Qc3+ 43. Rd2 Qg3+ 44. Kd1 Qb3+ 45. Ke2 1-0

[Event "FIDE Open World Rapid 2024"]
[Site "New York"]
[Date "2024.12.27"]
[Round "7.24"]
[White "Smirnov, Mark"]
[Black "Lodici, Lorenzo"]
[Result "1-0"]
[ECO "C71"]
[WhiteElo "2336"]
[BlackElo "2564"]
[Annotator "ChessBase"]
[PlyCount "111"]
[EventDate "2024.12.14"]
[EventType "swiss"]
[EventCountry "USA"]
[SourceTitle "playchess.com"]
[Source "ChessBase"]
[SourceQuality "1"]
[TimeControl "900+10"]

1. e4 e5 2. Nf3 Nc6 3. Bb5 a6 4. Ba4 d6 5. c4 Bg4 6. h3 Bxf3 7. Qxf3 Nf6 8. Nc3 Nd7 9. Bxc6 bxc6 10. d3 Nc5 11. O-O Rb8 12. Rb1 Be7 13. b4 Ne6 14. Be3 O-O 15. a4 Qd7 16. Rfc1 Bg5 17. Bxg5 Nxg5 18. Qe3 Ne6 19. Rb2 f5 20. exf5 Rxf5 21. b5 cxb5 22. cxb5 axb5 23. axb5 Rg5 24. Ne4 Rg6 25. b6 c5 26. Ra1 Nf4 27. Ng3 h5 28. Qf3 d5 29. h4 Qc6 30. Rab1 Rb7 31. Kf1 c4 32. dxc4 Qxc4+ 33. Kg1 Qc5 34. Rb5 Qd6 35. R5b4 Qd8 36. Rxf4 exf4 37. Nxh5 Rgxb6 38. Rd1 Rb1 39. Nxf4 d4 40. g3 Rxd1+ 41. Qxd1 Qd6 42. Qa4 Re7 43. Qc4+ Kh7 44. Qc2+ Kh6 45. Qc8 Kh7 46. Qc2+ Kg8 47. Qc8+ Kf7 48. Qc4+ Kf8 49. h5 Ke8 50. Kh2 Rc7 51. Qg8+ Qf8 52. Qxf8+ Kxf8 53. Ne6+ Kf7 54. Nxc7 d3 55. Nd5 d2 56. Ne3 1-0

[Event "FIDE Open World Rapid 2024"]
[Site "New York"]
[Date "2024.12.27"]
[Round "7.25"]
[White "Suleymanli, Aydin"]
[Black "Vachier-Lagrave, Maxime"]
[Result "1/2-1/2"]
[ECO "B90"]
[WhiteElo "2623"]
[BlackElo "2731"]
[Annotator "TA"]
[PlyCount "130"]
[EventDate "2024.12.14"]
[EventType "swiss"]
[EventCountry "USA"]
[SourceTitle "playchess.com"]
[Source "ChessBase"]
[SourceQuality "1"]
[TimeControl "900+10"]

1. e4 c5 2. Nf3 d6 3. d4 cxd4 4. Nxd4 Nf6 5. Nc3 a6 6. Bd3 g6 7. O-O Bg7 8. a4 O-O 9. Re1 b6 10. Bf1 Bb7 11. Bg5 Nbd7 12. Qd2 Re8 13. Rad1 Rc8 14. f3 Qc7 15. Kh1 Ne5 16. Qf2 Nc4 17. Bc1 e6 18. Ndb5 axb5 19. Nxb5 Qb8 20. b3 d5 21. bxc4 dxe4 22. Nd6 exf3 23. gxf3 Rc5 24. Nxe8 Nxe8 25. Kg1 Bf6 26. Be3 Rh5 27. Qg3 Qa8 28. Be2 Bh4 29. Qg4 Bxe1 30. Rxe1 Qxa4 31. Bd3 Qa8 32. Rf1 Bc6 33. Qd4 Qb8 34. Bf4 e5 35. Bg3 exd4 36. Bxb8 b5 37. cxb5 Bxb5 38. Re1 Ng7 39. Be5 (39. Be4 $11) 39... Bxd3 $17 40. Bxg7 Kxg7 (40... Bxc2 41. Bxd4 Kf8 42. Kg2 $11) 41. cxd3 Ra5 42. Re4 Ra4 43. Kf2 h6 (43... Kf8 $17 44. h4 h5) 44. f4 $15 g5 ({Black should play} 44... h5 $15) 45. Kf3 {[%emt 0:00:12] [#]} (45. fxg5 $11 {keeps the balance.} hxg5 46. Rg4) 45... Kg6 (45... f5 $1 $17 {( -> ...g4+)} 46. Re5 Kf6) 46. fxg5 $11 hxg5 47. h4 f5 48. Re6+ Kf7 49. Rh6 gxh4 50. Kf4 $1 Ra5 51. Rxh4 Kg6 52. Rh3 Ra1 53. Ke5 Re1+ 54. Kxd4 f4 55. Rh8 Kf5 56. Rf8+ Kg4 57. Kd5 f3 58. d4 Kg3 59. Kc6 Re6+ 60. Kc5 Re4 61. d5 Rf4 62. Rxf4 Kxf4 63. d6 f2 64. d7 f1=Q 65. d8=Q Ke5 $2 (65... Qc1+ $11 66. Kb6 Qg1+ 67. Kc7 Qg7+ 68. Qd7 Qxd7+ 69. Kxd7) 1/2-1/2

[Event "FIDE Open World Rapid 2024"]
[Site "New York"]
[Date "2024.12.27"]
[Round "7.25"]
[White "Wagner, Dennis"]
[Black "Barbosa, Oliver"]
[Result "0-1"]
[ECO "D17"]
[WhiteElo "2616"]
[BlackElo "2451"]
[Annotator "ChessBase"]
[PlyCount "130"]
[EventDate "2024.12.14"]
[EventType "swiss"]
[EventCountry "USA"]
[SourceTitle "playchess.com"]
[Source "ChessBase"]
[SourceQuality "1"]
[TimeControl "900+10"]

1. d4 d5 2. c4 c6 3. Nf3 Nf6 4. Nc3 dxc4 5. a4 Bf5 6. Ne5 Nbd7 7. Nxc4 Nb6 8. Ne5 a5 9. h4 g6 10. h5 gxh5 11. e4 Bg6 12. Be3 e6 13. f3 Nfd7 14. Nxd7 Nxd7 15. Qd2 Qb6 16. Bc4 Qb4 17. Ba2 Rd8 18. Rd1 Nb6 19. Bg5 Be7 20. Bxe7 Qxe7 21. Ne2 Qb4 22. Qxb4 axb4 23. b3 Ke7 24. Kf2 Rd7 25. Bb1 Rhd8 26. Bc2 f6 27. Rd2 c5 28. Rhd1 c4 29. a5 c3 30. Rd3 Na8 31. Ra1 Nc7 32. Ra4 Na6 33. Rd1 Be8 34. Raa1 e5 35. d5 Nc5 36. Ng3 Bg6 37. Rh1 Rxd5 38. exd5 Bxc2 39. a6 bxa6 40. Rxh5 Bg6 41. Rhh1 Rxd5 42. Ne4 Nxe4+ 43. fxe4 Bxe4 44. Rxa6 c2 45. Raa1 Rd3 46. Rh3 Rd1 47. Rh1 Rb1 48. Ke3 Bg6 49. Kd2 Rxb3 50. Ra7+ Ke6 51. Ra6+ Kf5 52. Kxc2 Rg3 53. Rh2 Kg5+ 54. Kd2 b3 55. Rb6 h5 56. Rb4 h4 57. Ke1 Bf5 58. Kd2 Rd3+ 59. Ke2 Rc3 60. Rh1 Rc2+ 61. Kf3 b2 62. Rbxh4 Rc3+ 63. Kf2 b1=Q 64. Rh5+ Kg6 65. Rh6+ Kg7 0-1